 Dungeon Crawl Stone Soup version 0.29-a0-517-gbdf32494f2 (webtiles) character file.

Game seed: 12558043486710118608

319 hquester the Sneak (level 6, -4/36 HPs)
             Began as a Kobold Enchanter on May 30, 2022.
             Was an Initiate of Dithmenos.
             Slain by Foxy's ghost (10 damage)
             ... on level 4 of the Dungeon.
             The game lasted 00:12:03 (4133 turns).

hquester the Sneak (Kobold Enchanter)               Turns: 4133, Time: 00:12:04

Health: -4/36      AC:  4    Str:  5 (6)  XL:     6   Next: 74%
Magic:  10/10      EV: 16    Int: 14 (16) God:    Dithmenos [......]
Gold:   228        SH:  0    Dex: 21 (23) Spells: 9/11 levels left

rFire   . . .      SeeInvis .   q - +5 dagger (venom)
rCold   . . .      Faith    .   (no shield)
rNeg    . . .      Spirit   .   b - +0 robe
rPois   .          Reflect  .   (no helmet)
rElec   .          Harm     .   (no cloak)
rCorr   .          Rampage  .   u - +1 pair of gloves
Will    .....                   (no boots)
Stlth   ++++......              (no amulet)
HPRegen 0.12/turn               e - ring of wizardry
MPRegen 0.12/turn               k - +6 ring of dexterity

@: no status effects
A: small, no large weapons, nightstalker 3
a: Renounce Religion


You were on level 4 of the Dungeon.
You worshipped Dithmenos.
Dithmenos was noncommittal.
You visited 2 branches of the dungeon, and saw 5 of its levels.

You collected 228 gold pieces.

Inventory:

Hand Weapons
 a - a +1 dagger
 q - a +5 dagger of venom (weapon)
Missiles
 j - 5 curare-tipped darts
 m - 17 poisoned darts (quivered)
 n - 6 atropa-tipped darts
Armour
 b - a +0 robe (worn)
 u - a +1 pair of gloves (worn)
 v - +0 storm dragon scales
Jewellery
 e - a ring of wizardry (left hand)
 k - a +6 ring of dexterity (right hand)
Wands
 l - a wand of iceblast (3)
Scrolls
 f - a scroll of immolation {unknown}
 g - 2 scrolls of blinking
 i - a scroll of identify
Potions
 c - 2 potions of invisibility
 h - a potion of brilliance
 p - a potion of resistance
 w - 2 potions of attraction
 A - a potion of magic


   Skills:
 + Level 2.3 Fighting
 + Level 3.2 Short Blades
 + Level 2.0 Throwing
 + Level 3.8 Dodging
 + Level 5.2 Stealth
 + Level 3.2 Spellcasting
 + Level 3.8 Hexes


You had 9 spell levels left.
You knew the following spells:

 Your Spells              Type           Power      Damage    Failure   Level
a - Ensorcelled Hibernat  Hex/Ice        14%        N/A       6%          2

Your spell library contained the following spells:

 Spells                   Type           Power      Damage    Failure   Level
 Confusing Touch          Hex            13%        N/A       5%          3
 Tukima's Dance           Hex            13%        N/A       5%          3
 Dazzling Flash           Conj/Hex       14%        N/A       12%         3
 Ozocubu's Armour         Ice            2%         N/A       26%         3
 Metabolic Englaciation   Hex/Ice        3%         N/A       69%         5
 Simulacrum               Ice/Necr       1%         N/A       100%        6


Dungeon Overview and Level Annotations

Branches:
Dungeon (4/15)             Temple (1/1) D:4

Altars:
Ashenzari
Cheibriados
Dithmenos
Elyvilon
Fedhas
Gozag
Hepliaklqana
Kikubaaqudgha
Makhleb
Nemelex Xobeh
Okawaru
Qazlal
Ru
Sif Muna
Trog
Uskayaw
Vehumet
Xom
Yredelemnul
Zin
The Shining One

Shops:
D:1 *

Annotations:
D:4 Foxy's ghost, amateur TrFi


Innate Abilities, Weirdness & Mutations

You are small and have problems with some larger weapons.
You are completely attuned to the shadows.


Message History

You hit the kobold.
You kill the kobold!
Dithmenos accepts your kill.
You feel sick.
You hit the kobold.
You kill the kobold!
Dithmenos accepts your kill.
You feel sick.
You barely miss the kobold.
You feel sick. The kobold completely misses you.
You hit the kobold.
The kobold is severely wounded.
You feel sick. The kobold closely misses you.
You puncture the kobold!
You kill the kobold!
Dithmenos accepts your kill.
You completely miss the kobold.
You feel sick.
You are no longer poisoned.
The kobold closely misses you.
You hit the kobold.
The kobold is poisoned.
The kobold is severely wounded.
You kill the kobold!
Dithmenos accepts your kill.
You hit the kobold.
You kill the kobold!
Dithmenos accepts your kill.
You barely miss the kobold. The kobold hits you but does no damage.
You hit the kobold.
You kill the kobold!
Dithmenos accepts your kill.
You hit the kobold.
You kill the kobold!
Dithmenos accepts your kill.
You hit Foxy's ghost but do no damage. Foxy's ghost hits you!
* * * LOW HITPOINT WARNING * * *
You hit Foxy's ghost.
Foxy's ghost is lightly damaged.
You hit Foxy's ghost.
Foxy's ghost is lightly damaged.
Foxy's ghost hits you!
You die...

##............##.8. #.#..#
##..######..##.#.KK. #.#.##
...## #..##.'.###
#####...### ####
###..#..'.K. #..........
##)..##..'.### ######.####
#.....÷÷.#.... ######....##
##..#.###.##.8.##.†.##....##
######.....#
#.W#####..........##
#..........#
###@..#######.....<.
#..........# #...# ##..####
#..........######.### #..# #
#..........##...#...## #..#
# #..........#.........##
#..# #.....†...............#
#..##
#.....................#
#...##
#.........<...........#
##.>.#
###.##...)...........##
##..##


You could see Foxy's ghost.

Vanquished Creatures
  A kobold brigand (D:4)
  A hound (D:4)
  An orc priest (D:3)
  2 iguanas (D:4)
  An orc wizard (D:3)
  3 adders (D:2)
  A worm (D:3)
  2 dart slugs
  7 orcs
  A bat (D:2)
  3 endoplasms
  2 giant cockroaches
  3 goblins
  4 hobgoblins
  3 jackals (D:3)
  6 quokkas
  8 ball pythons
  5 frilled lizards
  16 kobolds
  4 rats
74 creatures vanquished.

Vanquished Creatures (others)
  3 fungi (D:4)
3 creatures vanquished.

Grand Total: 77 creatures vanquished

Notes
Turn   | Place    | Note
-------+----------+-------------------------------------------
     0 | D:1      | hquester the Kobold Enchanter began the quest for the Orb.
     0 | D:1      | Reached XP level 1. HP: 10/10 MP: 3/3
    21 | D:1      | Found a faded altar of an unknown god.
   244 | D:1      | Reached XP level 2. HP: 16/16 MP: 5/5
   430 | D:1      | Found Xehud's General Store.
   736 | D:2      | Reached XP level 3. HP: 13/20 MP: 6/6
   887 | D:2      | Reached skill level 1 in Fighting
  1566 | D:2      | Reached XP level 4. HP: 25/25 MP: 7/7
  3012 | D:3      | Reached skill level 1 in Throwing
  3012 | D:3      | Reached XP level 5. HP: 11/29 MP: 7/9
  3354 | D:3      | Learned a level 2 spell: Ensorcelled Hibernation
  3706 | D:4      | Found a staircase to the Ecumenical Temple.
  3715 | Temple   | Entered the Ecumenical Temple
  3718 | Temple   | Became a worshipper of Dithmenos the Shadowed
  3844 | D:4      | Found a runed translucent gate.
  3844 | D:4      | Noticed a kobold brigand
  3846 | D:4      | Found a runed translucent gate.
  3862 | D:4      | Found a runed translucent gate.
  3916 | D:4      | Noticed Foxy's ghost (amateur TrFi)
  3943 | D:4      | Reached XP level 6. HP: 35/35 MP: 10/10
  4048 | D:4      | Reached skill level 5 in Stealth
  4133 | D:4      | Slain by Foxy's ghost

Illustrated notes

Levels and vault maps discovered:
D:1:      lightli_arrival_boilingwater, layout_rooms,
          hellmonk_ecumenical_altar_run_dry, serial_shops,
          nicolae_shop_waterfront
D:2:      layout_loops_ring, minmay_tromino_i2
D:3:      layout_basic, chequers_serial_rivers_micro_a, bh_walls_and_bars
D:4:      layout_rooms, minmay_temple_entry_junction,
          gammafunk_ghost_nasty_kobolds
Temple:   dpeg_three_leaves_temple

Skill      XL: |  1  2  3  4  5  6 |
---------------+-------------------+-----
Fighting       | 1 2 |  2.3
Dodging        | 3 |  3.8
Short Blades   | 2 3 |  3.2
Throwing       | 1 2 |  2.0
Spellcasting   | 3 |  3.2
Stealth        | 5 |  5.2
Hexes          | |  3.8

Action                   |  1- 3 |  4- 6 || total
-------------------------+-------+-------++-------
Melee: Dagger            |    60 |    95 ||   155
       Punch             |       |     1 ||     1
  Use: Scroll            |       |    14 ||    14
       Potion            |       |     2 ||     2
 Stab: Sleeping          |    15 |    16 ||    31
Armor: Robe              |     4 |     4 ||     8
Dodge: Dodged            |    32 |    35 ||    67

Table legend: (Time is in decaauts)
 A = Elapsed time spent in this place.
 B = Non-inter-level travel time spent in this place.
 C = Inter-level travel time spent in this place.
 D = Time resting spent in this place.
 E = Time spent auto-exploring this place.
 F = Levels seen in this place.
 G = Mean time per level.
                   A        B        C        D        E       F      G
               +--------+--------+--------+--------+--------+-----+--------+
         Total |   4127 |   3990 |    137 |    744 |   2651 |   5 |  825.4 |
       Dungeon |   4042 |   3905 |    137 |    744 |   2593 |   4 | 1010.5 |
        Temple |     84 |     84 |      0 |      0 |     58 |   1 |   84.0 |
               +--------+--------+--------+--------+--------+-----+--------+

Top non-repeatable levels by time:
     D:3: 1564 daAuts
     D:2: 1217 daAuts
     D:1: 701 daAuts
     D:4: 558 daAuts
  Temple: 84 daAuts
